 Dungeon Crawl Stone Soup version 0.28.0 (webtiles) character file.

Game seed: 607851266670882142

8004 dolemite99 the Cleaver (level 11, -3/78 HPs)
             Began as a Demonspawn Gladiator on Feb 5, 2022.
             Was a High Priest of Lugonu.
             Killed by drain life
             ... invoked by a soul eater
             ... summoned by a kobold demonologist
              (15 damage)
             ... on level 9 of the Dungeon.
             The game lasted 00:16:51 (16867 turns).

dolemite99 the Cleaver (Demonspawn Gladiator)      Turns: 16867, Time: 00:16:52

Health: -3/78      AC: 16    Str: 23    XL:     11   Next: 4%
Magic:  20/20      EV:  7    Int:  7    God:    Lugonu [*****.]
Gold:   330        SH: 11    Dex: 20    Spells: 10/10 levels left

rFire   . . .      SeeInvis +   b - +8 fustibalus "Athinyj" {vorpal, Will+ MP+9 Str+5}
rCold   . . .      Faith    .   x - +0 buckler
rNeg    . . .      Spirit   .   G - +0 plate armour
rPois   .          Reflect  +   (helmet restricted)
rElec   .          Harm     .   (no cloak)
rCorr   +          Rampage  .   n - +1 pair of gloves
Will    +....                   F - +1 pair of boots {Stlth+}
Stlth   ..........              B - amulet of reflection
HPRegen 0.23/turn               p - ring of see invisible
MPRegen 0.17/turn               y - ring of resist corrosion

@: about to teleport, studying Crossbows
A: antennae 2, thin skeletal structure 2, demonic guardian 1, dopey 1
a: Renounce Religion, Depart the Abyss, Bend Space, Banish, Corrupt, Enter the
Abyss


You were on level 9 of the Dungeon.
You worshipped Lugonu.
Lugonu was extremely pleased with you.
You visited 1 branch of the dungeon, and saw 10 of its levels.
You also visited: Sewer.

You collected 643 gold pieces.
You spent 313 gold pieces at shops.

Inventory:

Hand Weapons
 a - a +2 broad axe of freezing
 b - the +8 fustibalus "Athinyj" (weapon) {vorpal, Will+ MP+9 Str+5}
   (You found it on level 9 of the Dungeon)

   Any ammunition fired from it inflicts extra damage upon your enemies.
   Str:       It affects your strength (+5).
   MP:        It affects your magic capacity (+9).
   Will:      It increases your willpower.
 e - a +0 hunting sling of freezing
 r - a +0 war axe
Missiles
 d - 2 throwing nets
 f - 173 stones (quivered ammo)
 q - 109 arrows
 C - 2 curare-tipped darts
Armour
 c - a +0 helmet
 g - a +0 chain mail
 m - a +0 pair of boots
 n - a +1 pair of gloves (worn)
 w - a +0 kite shield
 x - a +0 buckler (worn)
 F - a +1 pair of boots of stealth (worn)
 G - a +0 plate armour (worn)
Jewellery
 p - a ring of see invisible (left hand)
 y - a ring of resist corrosion (right hand)
 B - an amulet of reflection (around neck)
 N - a ring of poison resistance
Wands
 j - a wand of charming (11)
 H - a wand of iceblast (2)
 M - a wand of paralysis (2)
Scrolls
 h - 3 scrolls of fear
 o - a scroll of teleportation
 v - 2 scrolls of magic mapping
 A - a scroll of enchant armour
 D - 6 scrolls of amnesia
 E - 3 scrolls of blinking
 L - 3 scrolls of identify {@r1}
Potions
 i - a potion of ambrosia
 k - 4 potions of brilliance
 t - 2 potions of degeneration {unknown}
 u - a potion of flight {unknown}
 z - 2 potions of magic {unknown}
 I - 2 potions of heal wounds
 J - a potion of curing
 K - a potion of cancellation {unknown}


   Skills:
 - Level 4.5 Fighting
 + Level 12.7 Axes
 - Level 9.3(9.4) Slings
 - Level 1.7(6.1) Throwing
 - Level 4.2 Armour
 - Level 2.6 Dodging
 - Level 4.3 Shields


You had 10 spell levels left.
You didn't know any spells.
Your spell library contained the following spells:

 Spells                   Type           Power      Damage    Failure   Level
 Apportation              Tloc           0%         N/A       100%        1
 Blink                    Tloc           0%         N/A       100%        2
 Ignite Poison            Fire/Tmut/Pois 0%         N/A       100%        3
 Mephitic Cloud           Conj/Pois/Air  0%         N/A       100%        3
 Olgreb's Toxic Radiance  Pois           0%         N/A       100%        4
 Alistair's Intoxication  Tmut/Pois      0%         N/A       100%        5
 Freezing Cloud           Conj/Ice/Air   0%         6-21      100%        5
 Manifold Assault         Tloc           0%         N/A       100%        5
 Malign Gateway           Summ/Tloc      0%         N/A       100%        7
 Ozocubu's Refrigeration  Ice            0%         4d5       100%        7
 Storm Form               Tmut/Air       0%         N/A       100%        7
 Ignition                 Fire           0%         3d3       100%        8
 Summon Horrible Things   Summ           0%         N/A       100%        8


Dungeon Overview and Level Annotations

Branches:
Dungeon (10/15)            Temple (0/1) D:6             Orc (0/2) D:9
  Sewer (visited)
   Lair: D:8-11

Altars:
Ashenzari
Lugonu

Shops:
D:3 (   D:6 [

Portals:
Abyss: D:5

Annotations:
D:5 5 runed translucent doors, 2 transporters, Beelzebob's ghost, novice MiBe
D:9 1 runed translucent door, BeavisTheGrey's ghost, novice TrMo


Innate Abilities, Weirdness & Mutations

You have a pair of antennae on your head.
You have a moderately thin skeletal structure. (Dex +4, Stealth++)
A weak demonic guardian rushes to your aid.
You are dopey. (Int -2)


Message History

You block the quasit's attack. The quasit barely misses you.
You block the quasit's attack.
The kobold demonologist begins to cast a cantrip, but forgets the words!
Fire: 175 stones
Press: ? - help, Q - select action, (/) - cycle Shift-Dir - straight line, f/p - kobold brigand
Aim: a kobold brigand, wielding a +0 club and quivering curare-tipped darts (severely wounded, 67% to hit)
You shoot a stone. The stone hits the kobold brigand!
You kill the kobold brigand!
Lugonu accepts your kill.
The quasit bites you but does no damage.
You block the quasit's attack.
The quasit claws you but does no damage.
Fire: 174 stones
Press: ? - help, Q - select action, (/) - cycle Shift-Dir - straight line, f - quasit
Aim: a quasit (summoned, 55% to hit)
You shoot a stone. The stone hits the quasit!!
You kill the quasit!
The quasit disappears in a puff of smoke!
The kobold demonologist mumbles some strange words.
The soul eater draws from the surrounding life force!
A demonic guardian appears!
Fire: 173 stones
Press: ? - help, Q - select action, (/) - cycle Shift-Dir - straight line, f - shadow imp
Aim: a shadow imp (summoned, ally target, 70% to hit)
Okay, then.
As you read the scroll of teleportation, it crumbles to dust.
You feel strangely unstable. The ufetubus barely misses you.
The ufetubus hits you but does no damage.
The kobold demonologist mumbles some strange words.
The soul eater draws from the surrounding life force!
* * * LOW HITPOINT WARNING * * *
The shadow imp hits you but does no damage.
You swap places.
The ufetubus closely misses your hellwing.
The ufetubus hits your hellwing but does no damage.
The kobold demonologist casts a spell.
The ufetubus hits your hellwing but does no damage.
The ufetubus hits your hellwing.
The soul eater draws from the surrounding life force!
You die...

#### #..## ##..#
#### ######
##..## ##..#
.....## ##..##
##.[## ####..#
##@.## ##.###
##.## #45## ##.##
##.## ##5## ##.##
#..# #K3# ###.##
## ###..# #55#
##...# .###...##
##.3# ##...##
.......######..##
##....##
..#######......#
#......## .##
#......##
##.###...##


You could see a soul eater (summoned), a kobold demonologist, a neqoxec
(summoned), a quasit (summoned, expiring), a crimson imp (summoned), a shadow
imp (summoned), an ufetubus (summoned, ally target) and a friendly hellwing
(summoned).

Vanquished Creatures
  A boulder beetle (D:9)
  2 kobold demonologists
  Psyche (D:8)
  A troll (D:9)
  15 yaks
  Eustachio (D:5)
  A water moccasin (D:6)
  2 ogres (D:6)
  8 orc warriors
  3 ice beasts
  2 centaurs
  2 kobold brigands
  A gnoll sergeant (D:6)
  4 bullfrogs
  A scorpion (D:4)
  A wyvern skeleton (D:7)
  12 wights
  4 howler monkeys
  A centaur zombie (D:8)
  A gnoll shaman (D:6)
  2 hounds
  2 jellies
  5 orc priests
  3 iguanas
  13 orc wizards
  2 hound skeletons
  5 gnolls (D:6)
  11 adders
  2 white imps
  An ufetubus (D:7)
  2 adder skeletons
  4 worms
  5 dart slugs
  34 orcs
  3 bats
  6 endoplasms
  14 giant cockroaches
  4 goblins
  14 hobgoblins
  3 jackals (D:5)
  3 quokkas
  9 ball pythons
  14 frilled lizards
  12 kobolds
  A rat (D:1)
238 creatures vanquished.

Vanquished Creatures (collateral kills)
  A kobold brigand (D:8)
  A bullfrog (D:8)
2 creatures vanquished.

Vanquished Creatures (others)
  2 kobolds
  A butterfly (D:6)
  31 plants
34 creatures vanquished.

Grand Total: 274 creatures vanquished

Notes
Turn   | Place    | Note
-------+----------+-------------------------------------------
     0 | D:1      | dolemite99 the Demonspawn Gladiator began the quest for the
                  | Orb.
     0 | D:1      | Reached XP level 1. HP: 16/16 MP: 1/1
    10 | D:1      | Reached skill level 3 in Axes
    72 | D:1      | Gained mutation: You have a pair of small antennae on your
                  | head. [demonic ancestry]
    72 | D:1      | Reached XP level 2. HP: 13/22 MP: 2/2
   609 | D:1      | Reached XP level 3. HP: 27/27 MP: 3/3
  1219 | D:2      | Reached skill level 4 in Axes
  1593 | D:2      | Found a faded altar of an unknown god.
  1618 | D:2      | Prayed at the altar of an unknown god.
  1618 | D:2      | Became a worshipper of Lugonu the Unformed
  1618 | D:2      | Reached * piety under Lugonu
  1618 | D:2      | Reached ** piety under Lugonu
  1873 | D:3      | Gained mutation: You have a somewhat thin skeletal
                  | structure. (Dex +2, Stealth+) [demonic ancestry]
  1873 | D:3      | Reached XP level 4. HP: 19/33 MP: 4/4
  2163 | D:3      | Found Dyawkoss's Antique Weapon Emporium.
  2171 | D:3      | Bought a glowing hunting sling for 126 gold pieces
  2239 | D:3      | Reached skill level 5 in Axes
  2441 | D:3      | Reached skill level 8 in Axes
  2441 | D:3      | Reached XP level 5. HP: 38/38 MP: 5/5
  2480 | D:3      | Reached skill level 9 in Axes
  2643 | D:3      | Reached skill level 10 in Axes
  2643 | D:3      | Reached XP level 6. HP: 44/44 MP: 6/6
  2782 | D:4      | Reached XP level 7. HP: 47/50 MP: 7/7
  3075 | D:5      | Entered Level 5 of the Dungeon
  3165 | D:5      | Found a runed translucent gate.
  3166 | D:5      | Found a runed translucent gate.
  3167 | D:5      | Found a runed translucent gate.
  3168 | D:5      | Noticed a redback
  3168 | D:5      | Noticed a redback
  3173 | D:5      | Noticed a redback
  3217 | D:5      | Noticed a redback
  3221 | D:5      | Found a runed translucent door.
  3634 | D:5      | Noticed Eustachio
  3693 | D:4      | Reached *** piety under Lugonu
  3988 | D:4      | Reached skill level 1 in Armour
  4350 | D:5      | Killed Eustachio
  4511 | D:5      | Found the +9 staff of Olgreb {rPois∞}
  4513 | D:5      | Found a runed translucent door.
  4530 | D:5      | Found a transporter.
  4548 | D:5      | Noticed Beelzebob's ghost (novice MiBe)
  4616 | D:5      | Found a one-way gate to the infinite horrors of the Abyss.
  4624 | D:5      | Found the +8 demon trident "Rift" {distort, reach+}
  4637 | D:5      | Found a transporter.
  4782 | D:6      | Reached XP level 8. HP: 53/56 MP: 8/8
  4926 | D:6      | Identified a scroll of acquirement
  4964 | D:6      | Acquired a ring of resist corrosion
  5265 | D:6      | Found a broken altar of Ashenzari.
  5293 | D:6      | Found Joanos's Antique Armour Boutique.
  5317 | D:6      | Found a glowing drain.
  5357 | Sewer    | Entered a sewer
  5928 | Sewer    | Reached **** piety under Lugonu
  6260 | D:6      | Found a staircase to the Ecumenical Temple.
  6272 | D:6      | Bought a pair of glowing boots for 187 gold pieces
  7813 | D:6      | Gained mutation: A weak demonic guardian rushes to your
                  | aid. [demonic ancestry]
  7813 | D:6      | Reached XP level 9. HP: 65/65 MP: 9/9
  9175 | D:7      | Reached skill level 1 in Shields
 10528 | D:8      | Noticed Psyche
 10528 | D:8      | Paralysed by Psyche for 6 turns
 10541 | D:8      | Killed Psyche
 10678 | D:8      | Reached ***** piety under Lugonu
 11159 | D:8      | Gained mutation: You have a moderately thin skeletal
                  | structure. (Dex +4, Stealth++) [demonic ancestry]
 11159 | D:8      | Reached XP level 10. HP: 10/73 MP: 10/10
 12172 | D:7      | Reached skill level 11 in Axes
 12923 | D:9      | Found a runed translucent door.
 13109 | D:9      | Noticed BeavisTheGrey's ghost (novice TrMo)
 13113 | D:9      | Gained mutation: You are dopey. (Int -2) [a neqoxec]
 15163 | D:9      | Reached skill level 12 in Axes
 15438 | D:9      | Found a staircase to the Orcish Mines.
 15613 | D:9      | Noticed a boulder beetle
 15638 | D:9      | Killed a boulder beetle
 15840 | D:9      | Identified the +8 fustibalus "Athinyj" {vorpal, Will+ MP+9
                  | Str+5}
 16329 | D:10     | Entered Level 10 of the Dungeon
 16549 | D:10     | Noticed a sun demon
 16550 | D:10     | Gained mutation: You have a pair of antennae on your head.
                  | [demonic ancestry]
 16550 | D:10     | Reached XP level 11. HP: 75/78 MP: 11/11
 16863 | D:9      | Noticed a soul eater
 16867 | D:9      | Killed from afar by a soul eater

Illustrated notes

Levels and vault maps discovered:
D:1:      dpeg_arrival_connections, layout_basic
D:2:      layout_loops_ring, dreamdust_ecumenical_altar_statues
D:3:      layout_rooms, serial_shops, shop
D:4:      layout_basic
D:5:      layout_gridville, gammafunk_ghost_abyssal_escape,
          minmay_guarded_unrand_staff_of_olgreb, uniq_eustachio
D:6:      kennysheep_housing_project, layout_basic, ashenzari_altar_1,
          minmay_temple_entry_butterflies, gup_sewer_entry_glass, serial_shops,
          shop
D:7:      layout_basic, corexii_corridor_pit
D:8:      kennysheep_ambush_hall, layout_cave_pools, uniq_psyche
D:9:      layout_layer_cave, david_orc_4, hellmonk_ghost_big_iron,
          skrybe_limestone_x, amcnicky_mini_pool_small, nzn_sisyphean_effort
D:10:     layout_basic, dpeg_oklobed_lair

Skill      XL: |  1  2  3  4  5  6  7  8  9 10 |
---------------+-------------------------------+-----
Axes           | 3 4 8 10 12 | 12.7
Slings         | 7 9 |  9.3
Armour         | 2 3 4 |  4.2
Fighting       | 4 |  4.5
Shields        | 4 |  4.3
Throwing       | |  1.7
Dodging        | |  2.6

Action                   |  1- 3 |  4- 6 |  7- 9 | 10-12 || total
-------------------------+-------+-------+-------+-------++-------
Melee: War axe           |   109 |    15 |   170 |    22 ||   316
       Punch             |       |       |     2 |       ||     2
       Broad axe         |       |       |       |    51 ||    51
 Fire: Hunting sling     |       |    64 |   447 |   146 ||   657
       Fustibalus        |       |       |       |    42 ||    42
Throw: Dart              |       |       |       |     2 ||     2
       Throwing net      |       |       |       |     1 ||     1
Evoke: Wand              |       |       |    14 |    18 ||    32
  Use: Scroll            |     7 |     1 |    10 |     3 ||    21
       Potion            |       |     2 |     4 |     2 ||     8
Armor: Leather armour    |     9 |       |       |       ||     9
       Chain mail        |    75 |    19 |    84 |       ||   178
       Plate armour      |       |       |    58 |    59 ||   117
Dodge: Dodged            |    53 |     4 |    76 |    29 ||   162
Block: Buckler           |       |       |   112 |    63 ||   175
       Reflection        |       |       |     5 |       ||     5
